 Dungeon Crawl Stone Soup version 0.27.0-1-g7a089689b8 (webtiles) character file.

Game seed: 11753551515028860548

173241 Strat the Brawler (level 17, -1/179 HPs)
             Began as a Troll Wanderer on Aug 10, 2021.
             Was the Champion of Wu Jian.
             Slain by a merfolk impaler (7 damage)
             ... on level 3 of the Shoals on Aug 11, 2021.
             The game lasted 01:32:43 (20409 turns).

Strat the Brawler (Troll Wanderer)                 Turns: 20409, Time: 01:32:44

Health: -1/179     AC: 16    Str: 28    XL:     17   Next: 17%
Magic:  17/17      EV: 17    Int:  8    God:    Wu Jian [******]
Gold:   1657       SH: 11    Dex: 10    Spells: 18/18 levels left

rFire    . . .     SeeInvis .     - Unarmed
rCold    . . .     Faith    .   c - +0 kite shield
rNeg     + . .     Spirit   .   D - +0 acid dragon scales
rPois    .         Reflect  .   o - +2 hat
rElec    .         Harm     .   g - +3 cloak "Firgheqit" {rN+}
rCorr    +         Rampage  .   (gloves unavailable)
Will     +....                  (boots unavailable)
Stlth    +.........             e - amulet of regeneration
HPRegen  2.39/turn              k - +4 ring of evasion
MPRegen  0.15/turn              w - +4 ring of evasion

@: very slightly contaminated, invisible, very slow
A: large, unfitting armour, claws 3, regeneration 1, shaggy fur 1, tough skin 1
}: 1/15 runes: gossamer
a: Renounce Religion, Wall Jump, Serpent's Lash, Heavenly Storm


You were on level 3 of the Shoals.
You worshipped Wu Jian.
Wu Jian was exalted by your worship.
You visited 5 branches of the dungeon, and saw 30 of its levels.
You also visited: Sewer.

You collected 2793 gold pieces.
You spent 1136 gold pieces at shops.

Inventory:

Hand Weapons
 A - a +3 flail of protection
Missiles
 h - 838 stones
 t - 50 boomerangs (quivered)
 z - 16 large rocks
 E - 3 throwing nets
 R - 13 javelins
 S - 13 silver boomerangs
Armour
 b - a +0 tower shield
 c - a +0 kite shield (worn)
 g - the +3 cloak "Firgheqit" (worn) {rN+}
   (You acquired it on level 4 of the Dungeon)

   rN:        It protects you from negative energy.
 o - a +2 hat (worn)
 D - +0 acid dragon scales (worn)
 O - a +0 troll leather armour
Jewellery
 e - an amulet of regeneration (around neck)
 i - a ring of flight
 k - a +4 ring of evasion (left claw)
 l - a ring of protection from fire
 m - a ring of see invisible
 w - a +4 ring of evasion (right claw)
 J - a ring of protection from cold
 K - a ring of willpower
 T - a ring of poison resistance
Wands
 j - a wand of flame (69)
 r - a wand of polymorph (20)
 v - a wand of mindburst (38)
 y - a wand of digging (3)
 G - a wand of charming (5)
 M - a wand of iceblast (35)
 N - a wand of paralysis (14)
Scrolls
 C - 5 scrolls of magic mapping
 H - 4 scrolls of teleportation
 P - 2 scrolls of brand weapon
 Q - 2 scrolls of identify
 V - 3 scrolls of holy word
 X - 2 scrolls of enchant weapon
Potions
 a - a potion of flight
 f - 5 potions of haste
 n - 4 potions of brilliance
 p - 6 potions of curing
 q - 3 potions of lignification
 s - 5 potions of attraction
 u - 3 potions of mutation
 x - 2 potions of cancellation
 B - 8 potions of ambrosia
 F - a potion of magic
 L - 2 potions of berserk rage
 W - a potion of resistance {unknown}
Miscellaneous
 I - a condenser vane


   Skills:
 + Level 13.8 Fighting
 - Level 10.0 Throwing
 + Level 8.3 Armour
 - Level 1.0 Dodging
 - Level 9.0 Shields
 * Level 19.2 Unarmed Combat
 - Level 1.0 Spellcasting
 - Level 1.3 Summonings
 - Level 1.3 Ice Magic


You had 18 spell levels left.
You didn't know any spells.
Your spell library contained the following spells:

 Spells                   Type           Power      Damage    Failure   Level
 Freeze                   Ice            8%         1d3       26%         1
 Summon Small Mammal      Summ           8%         N/A       26%         1
 Ensorcelled Hibernation  Hex/Ice        2%         N/A       45%         2
 Slow                     Hex            0%         N/A       56%         2
 Call Canine Familiar     Summ           2%         N/A       61%         3
 Ozocubu's Armour         Ice            2%         N/A       61%         3
 Summon Guardian Golem    Hex/Summ       1%         N/A       71%         3
 Confusing Touch          Hex            0%         N/A       80%         3
 Conjure Flame            Conj/Fire      0%         6-21      80%         3
 Dazzling Flash           Conj/Hex       0%         N/A       80%         3
 Ignite Poison            Fire/Tmut/Pois 0%         N/A       80%         3
 Spider Form              Tmut/Pois      0%         N/A       80%         3
 Vampiric Draining        Necr           0%         2d6       80%         3
 Animate Dead             Necr           0%         N/A       99%         4
 Fulminant Prism          Conj/Hex       0%         3d6       99%         4
 Iskenderun's Mystic Bla  Conj/Tloc      0%         2d3       99%         4
 Sticky Flame             Conj/Fire      0%         2d3       99%         4
 Agony                    Necr           0%         N/A       100%        5
 Lee's Rapid Deconstruct  Erth           0%         3d5*      100%        5
 Silence                  Hex/Air        0%         N/A       100%        5
 Summon Forest            Summ/Tloc      0%         N/A       100%        5
 Summon Mana Viper        Hex/Summ       1%         N/A       100%        5
 Conjure Ball Lightning   Conj/Air       0%         3x3d6     100%        6
 Shadow Creatures         Summ           N/A        N/A       100%        6
 Haunt                    Necr/Summ      0%         N/A       100%        7
 Borgnjor's Revivificati  Necr           0%         N/A       100%        8
 Discord                  Hex            0%         N/A       100%        8
 Disjunction              Tloc           0%         N/A       100%        8
 Infestation              Necr           0%         N/A       100%        8
 Necromutation            Tmut/Necr      0%         N/A       100%        8
 Chain Lightning          Conj/Air       0%         N/A       100%        9
 Death's Door             Necr           0%         N/A       100%        9
 Fire Storm               Conj/Fire      0%         5d1       100%        9


Dungeon Overview and Level Annotations

Branches:
Dungeon (15/15)            Temple (0/1) D:7            Lair (6/6) D:11
 Shoals (3/4) Lair:2       Spider (4/4) Lair:4        Slime (0/5) Lair:6
    Orc (2/2) D:11            Elf (0/3) Orc:2        Vaults (0/5) D:14
 Depths (0/5) D:15          Sewer (visited)

Altars:
Elyvilon
Fedhas
Kikubaaqudgha
Okawaru
Trog
Wu Jian
Xom
Yredelemnul
Beogh
Lugonu

Shops:
D:8 (   D:9 [   D:10 =[   D:13 *   Orc:1 !   Orc:2 =?**=

Portals:
Abyss: Shoals:3

Annotations:
D:2 Sigmund
D:10 Snorg
D:14 3 runed translucent doors, Cicylist's ghost, journeyman FoFi; Tuicow's ghost, journeyman DECj
Lair:6 exclusion: oklob plant
Shoals:3 1 runed translucent door, Ilsuiw; Polyphemus


Innate Abilities, Weirdness & Mutations

You are too large for most types of armour.
You have claws for hands.
Your natural rate of healing is unusually fast.
You are covered in fur. (AC +1)
You have tough skin. (AC +1)


Message History

Moving in this stuff is going to be slow. ...and don't expect to remain undetected.
Don't expect to remain undetected while in the water.
You spin and attack the merfolk impaler repeatedly.
You miss the merfolk impaler.
The merfolk impaler is heavily wounded.
You miss the merfolk impaler.
The merfolk impaler is heavily wounded.
The merfolk impaler hits you with a +6 trident of holy wrath!
* * * LOW HITPOINT WARNING * * *
The merfolk impaler hits you with a +6 trident of holy wrath!!
* * * LOW HITPOINT WARNING * * *
The merfolk impaler completely misses you.
You spin and attack the merfolk impaler repeatedly.
You closely miss the merfolk impaler.
The merfolk impaler is heavily wounded.
You scratch the merfolk impaler.
The merfolk impaler is heavily wounded.
The merfolk impaler barely misses you.
The merfolk impaler hits you with a +6 trident of holy wrath!
* * * LOW HITPOINT WARNING * * *
You block the merfolk impaler's attack.
You feel better. The merfolk impaler closely misses you.
Unknown command.
You enter the shallow water.
Moving in this stuff is going to be slow. ...and don't expect to remain undetected.
Don't expect to remain undetected while in the water.
You spin and attack the merfolk impaler repeatedly.
You closely miss the merfolk impaler.
The merfolk impaler is heavily wounded.
You miss the merfolk impaler.
The merfolk impaler is heavily wounded.
You closely miss the merfolk impaler.
The merfolk impaler is heavily wounded.
You block the merfolk impaler's attack.
The merfolk impaler hits you with a +6 trident of holy wrath!!
* * * LOW HITPOINT WARNING * * *
The merfolk impaler hits you with a +6 trident of holy wrath!
You die...

........# ##.≈≈≈≈≈≈≈≈≈≈≈
...≈....####.§Y≈≈≈≈≈≈≈≈≈≈
...≈≈≈≈...)))≈≈..≈≈≈≈≈≈≈≈
≈≈≈≈≈≈≈..†.)≈≈..÷≈≈≈≈≈≈≈≈
≈≈≈≈≈≈≈≈≈≈≈≈≈.###.≈≈≈≈≈≈≈
≈≈≈≈≈≈≈≈≈≈≈≈.## #..≈≈≈≈≈≈
≈≈≈≈≈≈≈≈≈≈≈≈..###.≈≈≈≈≈≈≈
≈≈≈≈≈≈≈≈≈≈≈≈≈...m.≈≈≈≈≈≈≈
≈≈≈≈≈≈≈≈≈≈≈≈≈≈≈≈@≈≈≈≈≈≈≈≈
≈≈≈≈≈≈≈≈≈≈≈≈≈≈≈≈≈≈≈≈≈≈≈≈≈
≈≈≈≈≈≈≈≈≈≈≈≈≈≈≈≈≈≈≈≈≈≈≈≈
≈≈≈≈≈≈≈≈≈≈≈≈≈≈≈≈≈≈≈≈≈≈≈
≈≈≈≈≈≈≈≈≈≈≈≈≈≈≈≈≈≈≈≈
≈≈≈≈≈≈≈≈≈≈≈≈≈≈≈≈≈≈≈
≈≈≈≈≈≈≈≈≈≈≈≈≈≈≈≈≈≈
≈≈≈≈≈≈≈≈≈≈≈≈≈≈≈


You could see a merfolk impaler.

Vanquished Creatures
  Rupert (D:14)
  9 emperor scorpions
  Louise (Shoals:3)
  5 ghost moths
  A very ugly thing (D:15)
  A dire elephant (Lair:6)
  2 spark wasps (Spider:3)
  An entropy weaver (shapeshifter) (D:15)
  An entropy weaver (Spider:4)
  2 merfolk javelineers (Shoals:3)
  An ettin (Orc:2)
  3 merfolk impalers
  A great orb of eyes (D:15)
  A rakshasa (D:15)
  4 vault guards (D:14)
  3 boulder beetles
  3 hydras
  An ogre mage (D:15)
  A merfolk aquamancer (Shoals:1)
  2 catoblepae
  4 centaur warriors
  A satyr (Shoals:2)
  5 two-headed ogres
  6 merfolk avatars
  3 tengu warriors
  5 death yaks
  4 orc high priests (Orc:2)
  3 sea snakes
  3 lindwurms (Lair:6)
  8 harpies (Shoals:1)
  2 deep elf pyromancers
  4 orc knights
  12 orb spiders
  An orc sorcerer (Orc:2)
  23 wolf spiders
  7 ugly things
  3 cyclopes
  11 fauns
  2 merfolk sirens
  19 elephants
  2 moths of wrath (Spider:4)
  8 manticores
  4 black mambas
  2 water nymphs (Shoals:2)
  A torpor snail (Lair:6)
  2 apocalypse crabs (Shoals:3)
  10 cane toads
  2 gargoyles
  3 rime drakes
  A kobold demonologist (D:11)
  5 komodo dragons
  An unseen horror (D:13)
  3 tengu conjurers
  11 demonic crawlers
  An efreet (D:14)
  A freezing wraith (D:14)
  A jumping spider (shapeshifter) (D:15)
  17 merfolk
  A troll (shapeshifter) (D:15)
  A polar bear (Lair:3)
  5 trolls
  27 jumping spiders
  5 wind drakes
  3 hornets
  2 dream sheep (Lair:6)
  A snapping turtle (Shoals:1)
  12 blink frogs
  7 slime creatures
  58 redbacks
  A shadow (D:9)
  2 wraiths
  21 tarantellas
  7 water elementals
  A human (D:13)
  4 wyverns
  24 yaks
  Grum (D:8)
  12 vampire mosquitoes
  5 basilisks
  2 wargs (Orc:2)
  Edmund (D:6)
  17 water moccasins
  4 acid dragons
  2 ice beasts
  23 orc warriors
  A hornet zombie (D:8)
  6 ogres
  A black bear (D:4)
  A sky beast (D:7)
  A necrophage (D:4)
  6 centaurs
  17 wolves
  A tengu (shapeshifter) (D:15)
  A kobold brigand (D:8)
  Blork the orc (D:4)
  17 bullfrogs
  3 scorpions
  4 wights (D:9)
  3 vampire bats (Orc:1)
  4 howler monkeys
  2 centaur zombies
  2 bullfrog zombies
  A jelly (Lair:6)
  A bullfrog skeleton (D:6)
  18 orc priests
  A centaur skeleton (D:5)
  10 hounds
  5 iguanas
  16 orc wizards
  7 hell rats
  A howler monkey zombie (D:8)
  10 adders
  2 river rats (Sewer)
  2 white imps
  An ufetubus (D:7)
  2 dart slugs (D:4)
  53 orcs
  8 ball pythons
  6 endoplasms
  4 giant cockroaches
  5 hobgoblins
  2 jackals (D:4)
  17 kobolds
  7 quokkas
  9 bats
  A frilled lizard (D:3)
  4 goblins
  2 rats
760 creatures vanquished.

Vanquished Creatures (others)
  A cyclops (D:14)
  A centaur simulacrum (D:14)
  37 fungi
  49 plants
88 creatures vanquished.

Grand Total: 848 creatures vanquished

Notes
Turn   | Place    | Note
-------+----------+-------------------------------------------
     0 | D:1      | Strat the Troll Wanderer began the quest for the Orb.
     0 | D:1      | Strat set off with the following items: a +0 club, a +0
                  | robe, a +0 kite shield; and the following spells available
                  | to memorise: Freeze, Summon Small Mammal, Call Canine
                  | Familiar, Ozocubu's Armour
     0 | D:1      | Reached XP level 1. HP: 19/19 MP: 1/1
   136 | D:1      | Found a faded altar of an unknown god.
   176 | D:1      | Reached skill level 1 in Unarmed Combat
   221 | D:1      | Reached XP level 2. HP: 27/27 MP: 2/2
   388 | D:2      | Noticed Sigmund
   479 | D:3      | Reached XP level 3. HP: 33/33 MP: 3/3
   554 | D:4      | Noticed a black bear
   601 | D:3      | Reached skill level 2 in Unarmed Combat
   820 | D:4      | Noticed Blork the orc
   836 | D:4      | Killed Blork the orc
   837 | D:4      | Reached XP level 4. HP: 23/41 MP: 4/4
   873 | D:4      | Reached skill level 3 in Unarmed Combat
   879 | D:4      | Found a glowing drain.
   908 | Sewer    | Entered a sewer
   928 | Sewer    | Reached XP level 5. HP: 48/48 MP: 5/5
  1187 | D:4      | Noticed an ogre
  1221 | D:4      | Found a bloodstained altar of Trog.
  1251 | D:4      | Killed a black bear
  1252 | D:4      | Reached skill level 4 in Unarmed Combat
  1271 | D:4      | Reached XP level 6. HP: 55/55 MP: 6/6
  1380 | D:4      | Identified a scroll of acquirement
  1380 | D:4      | Acquired the +3 cloak "Firgheqit" {rN+}
  1509 | D:5      | Entered Level 5 of the Dungeon
  1519 | D:5      | Noticed a water moccasin
  1535 | D:5      | Killed a water moccasin
  1536 | D:5      | Reached skill level 5 in Unarmed Combat
  1536 | D:5      | Reached XP level 7. HP: 62/62 MP: 7/7
  1614 | D:5      | Reached skill level 5 in Shields
  1852 | D:5      | Found a white marble altar of Elyvilon.
  2221 | D:5      | Found a basalt altar of Yredelemnul.
  2351 | D:6      | Noticed a yak
  2351 | D:6      | Noticed a yak
  2360 | D:6      | Noticed a yak
  2361 | D:6      | Noticed a yak
  2362 | D:6      | Noticed a yak
  2380 | D:5      | Killed a yak
  2447 | D:6      | Reached XP level 8. HP: 54/72 MP: 8/8
  2476 | D:6      | Found an ornate altar of the Wu Jian Council.
  2531 | D:6      | Became a worshipper of the Wu Jian Council
  2632 | D:6      | Noticed Edmund
  2685 | D:6      | Killed Edmund
  2713 | D:6      | Reached skill level 6 in Unarmed Combat
  3125 | D:7      | Found a staircase to the Ecumenical Temple.
  3355 | D:7      | Reached XP level 9. HP: 84/84 MP: 9/9
  3394 | D:7      | Found an iron altar of Okawaru.
  3535 | D:8      | Noticed Grum
  3549 | D:8      | Killed Grum
  3559 | D:8      | Reached * piety under Wu Jian
  3578 | D:8      | Reached skill level 7 in Unarmed Combat
  3917 | D:8      | Noticed a two-headed ogre
  3931 | D:8      | Killed a two-headed ogre
  3932 | D:8      | Reached skill level 5 in Fighting
  4012 | D:8      | Identified the +7 great sword "Birghunug" {vorpal, Str+3
                  | SInv}
  4044 | D:8      | Found Xorr's Hydra Hut.
  4071 | D:8      | Reached skill level 8 in Unarmed Combat
  4083 | D:8      | Noticed a four-headed hydra
  4197 | D:9      | Found Caiqut's Antique Armour Boutique.
  4197 | D:9      | You fall into a shaft and drop 3 floors!
  4207 | D:11     | Noticed a troll
  4223 | D:11     | Killed a troll
  4232 | D:11     | Reached XP level 10. HP: 96/96 MP: 10/10
  4310 | D:11     | Reached ** piety under Wu Jian
  4348 | D:11     | Found a staircase to the Orcish Mines.
  4367 | D:11     | Noticed a cyclops
  4388 | D:11     | Killed a cyclops
  4412 | Orc:1    | Entered Level 1 of the Orcish Mines
  4423 | Orc:1    | Found Fecoxueh's Distillery.
  4479 | D:11     | Noticed a gargoyle
  4491 | D:11     | Killed a gargoyle
  4492 | D:11     | Reached skill level 9 in Unarmed Combat
  4500 | D:10     | Entered Level 10 of the Dungeon
  4560 | D:10     | Reached skill level 10 in Unarmed Combat
  4575 | D:10     | Found Riahinga's Jewellery Boutique.
  4734 | D:9      | Noticed a two-headed ogre
  4746 | D:9      | Killed a two-headed ogre
  4835 | D:9      | Reached XP level 11. HP: 107/107 MP: 11/11
  4883 | D:9      | Reached *** piety under Wu Jian
  4950 | D:9      | Noticed a five-headed hydra
  5145 | D:10     | Found Wuzenkok's Armour Shoppe.
  5154 | D:10     | Bought a +2 hat for 224 gold pieces
  5317 | D:10     | Found a blossoming altar of Fedhas.
  5633 | D:10     | Noticed Snorg
  5637 | D:10     | Reached skill level 11 in Unarmed Combat
  5897 | D:11     | Found a staircase to the Lair.
  5915 | Lair:1   | Entered Level 1 of the Lair of Beasts
  6093 | Lair:1   | Noticed a four-headed hydra
  6121 | Lair:1   | Killed a four-headed hydra
  6207 | Lair:1   | Found a gate leading to a gauntlet.
  6257 | Lair:1   | Reached skill level 12 in Unarmed Combat
  6710 | Lair:2   | Found a staircase to the Shoals.
  6787 | Lair:2   | Reached XP level 12. HP: 113/123 MP: 12/12
  6970 | Lair:2   | Noticed a seven-headed hydra
  7035 | Lair:3   | Noticed a seven-headed hydra
  7141 | Lair:3   | Reached **** piety under Wu Jian
  7294 | Lair:3   | Reached skill level 13 in Unarmed Combat
  7297 | Lair:3   | Noticed an eight-headed hydra
  7698 | Lair:4   | Reached skill level 10 in Fighting
  7722 | Lair:4   | Found a shimmering altar of Xom.
  8268 | Lair:5   | Noticed a four-headed hydra
  9525 | Lair:4   | Found a hole to the Spider Nest.
  9875 | Lair:5   | Killed a four-headed hydra
 10128 | Lair:6   | Entered Level 6 of the Lair of Beasts
 10166 | Lair:6   | Reached skill level 14 in Unarmed Combat
 10292 | Lair:6   | Noticed a six-headed hydra
 10384 | Lair:6   | Found a staircase to the Slime Pits.
 10449 | Lair:6   | Reached skill level 5 in Throwing
 10462 | Lair:6   | Reached XP level 13. HP: 128/133 MP: 13/13
 10755 | Lair:6   | Reached ***** piety under Wu Jian
 10986 | Lair:6   | Noticed a dire elephant
 11007 | Lair:6   | Killed a dire elephant
 11102 | Lair:6   | Reached skill level 15 in Unarmed Combat
 11437 | Orc:2    | Entered Level 2 of the Orcish Mines
 11437 | Orc:2    | Noticed an ettin
 11445 | Orc:2    | Killed an ettin
 11638 | Orc:2    | Found a staircase to the Elven Halls.
 11692 | Orc:2    | Found Jeimuhukh's Jewellery Shop.
 11715 | Orc:2    | Bought a +4 ring of evasion for 612 gold pieces
 12319 | Orc:2    | Found Taenaem's General Store.
 12319 | Orc:2    | Found Rutaukez's Jewellery Emporium.
 12319 | Orc:2    | Found Mir Jyje's Magic Scroll Emporium.
 12324 | Orc:2    | Found Ziuken's Assorted Antiques.
 12440 | Orc:1    | Reached ****** piety under Wu Jian
 12475 | Orc:1    | Reached XP level 14. HP: 146/146 MP: 14/14
 13277 | D:13     | Reached skill level 1 in Armour
 13417 | D:13     | Found Edotzumi's General Store.
 14027 | D:14     | Noticed Rupert
 14036 | D:14     | Killed Rupert
 14047 | D:14     | Found a runed translucent gate.
 14048 | D:14     | Found an ancient bone altar of Kikubaaqudgha.
 14048 | D:14     | Found a runed translucent gate.
 14049 | D:14     | Found a runed translucent gate.
 14055 | D:14     | Noticed a lich
 14055 | D:14     | Noticed Cicylist's ghost (journeyman FoFi)
 14055 | D:14     | Noticed Tuicow's ghost (journeyman DECj)
 14055 | D:14     | Noticed a lich
 14055 | D:14     | Noticed a lich
 14059 | D:14     | Found the +27 Lear's hauberk
 14190 | D:14     | Found a gate to the Vaults.
 14535 | D:15     | Entered Level 15 of the Dungeon
 14604 | D:15     | Reached skill level 16 in Unarmed Combat
 15381 | D:15     | Reached XP level 15. HP: 156/156 MP: 15/15
 15396 | D:15     | Noticed an azure jelly
 15396 | D:15     | a dire elephant changed into an azure jelly
 15537 | D:15     | Found a staircase to the Depths.
 15839 | Spider:1 | Entered Level 1 of the Spider Nest
 15849 | Spider:1 | Reached skill level 5 in Armour
 16026 | D:10     | Bought a ring of poison resistance for 300 gold pieces
 16187 | Spider:1 | Reached skill level 10 in Throwing
 16816 | Spider:2 | Reached skill level 17 in Unarmed Combat
 16919 | Spider:2 | You fall into a shaft and drop 1 floor!
 17018 | Spider:2 | Found a frozen archway.
 17258 | Spider:3 | Noticed a ghost moth
 17262 | Spider:3 | Killed a ghost moth
 17287 | Spider:4 | Entered Level 4 of the Spider Nest
 17348 | Spider:4 | Noticed a ghost moth
 17360 | Spider:4 | Killed a ghost moth
 17594 | Spider:4 | Reached XP level 16. HP: 167/167 MP: 16/16
 18191 | Spider:4 | Reached skill level 18 in Unarmed Combat
 18839 | Spider:4 | Got a gossamer rune of Zot
 19068 | Shoals:1 | Entered Level 1 of the Shoals
 19938 | Shoals:2 | Reached skill level 19 in Unarmed Combat
 19942 | Shoals:2 | Reached XP level 17. HP: 136/179 MP: 17/17
 19970 | Shoals:3 | Noticed Ilsuiw
 20125 | Shoals:3 | Noticed Louise
 20145 | Shoals:3 | Killed Louise
 20287 | Shoals:3 | Found a runed translucent door.
 20340 | Shoals:3 | Found a corrupted altar of Lugonu.
 20340 | Shoals:3 | Found a one-way gate to the infinite horrors of the Abyss.
 20343 | Shoals:3 | Noticed Polyphemus
 20409 | Shoals:3 | HP: 6/179 [merfolk impaler (25)]
 20409 | Shoals:3 | Slain by a merfolk impaler

Illustrated notes

Levels and vault maps discovered:
D:1:      beargit_arrival_greenhouse, layout_basic, basic_ecumenical_altar
D:2:      layout_basic, uniq_sigmund
D:3:      layout_loops_ring, lemuel_crystal_altar, kiku_gazebo_pond_becter,
          minmay_misc_feat_secret_circle
D:4:      layout_basic, mainiacjoe_overflow_alcove_2, gup_sewer_entry_glass,
          interstate_on_off, uniq_blork_the_orc
D:5:      layout_loops_ring, lemuel_round_altar, elyvilon_altar_4,
          due_unseen_surprise
D:6:      layout_rooms, nicolae_wu_jian_wuxing_cycle, uniq_edmund
D:7:      layout_loops_corners, kennysheep_little_box,
          minmay_temple_entry_enclosed_plants, chequers_serial_rivers_micro_d
D:8:      layout_loops_corners, kennysheep_mini, doesnt_shop_hydraphobe,
          uniq_joseph, uniq_grum
D:9:      layout_loops_ring, chequers_temple_overflow_statue_of_worship,
          serial_shops, shop_fountains
D:10:     layout_gridville, mainiacjoe_overflow_alcove_4, serial_shops,
          shop_statue, nicolae_lakefront_shop, chequers_serial_rivers_marsh,
          uniq_snorg
D:11:     layout_cave_pools, erik_lair_island, david_orc_2
D:12:     layout_basic
D:13:     layout_rooms, serial_shops, shop_coins, dk_noncrumbling_3,
          hangedman_stone_soup
D:14:     layout_basic, lightli_vaults_fourway_checkpoint,
          gammafunk_ghost_crypt, serial_rivers, chequers_serial_rivers_micro_e,
          chequers_serial_rivers_small_b, chequers_serial_rivers_micro_a,
          chequers_serial_rivers_room_a, chequers_serial_rivers_small_a,
          grunt_ministairs_5, minmay_increasing_density, uniq_rupert
D:15:     gammafunk_enter_depths_forms, layout_loops_corners, fountainhead,
          einodemon_crawler_minivault
Lair:1:   layout_misc_corridors, gauntlet_entry_generic, grunt_megastairs_2,
          serial_bayou_shore_a
Lair:2:   layout_chaotic_city, minmay_shoals_entry_lonely_mermaid
Lair:3:   cheibrodos_lair_river_kwai, layout_hall_layers
Lair:4:   layout_regular_city, dummy_spider_entry, basic_altar, minivault_26,
          lemuel_fruit_tree, infiniplex_staircase_pool_2
Lair:5:   layout_layer_cave, minmay_holes
Lair:6:   hangedman_lair_in_review, layout_regular_city,
          minmay_slime_entry_pillars
Shoals:1: layout_shoals
Shoals:2: cheibrodos_shoals_oceanic_diplomacy, layout_shoals
Shoals:3: layout_shoals, ldierk_geyser, nicolae_shoals_abyss_on_the_beach,
          uniq_ilsuiw, uniq_polyphemus, uniq_louise
Spider:1: layout_spider_delve, drop_trap
Spider:2: layout_spider_delve, portal_ice_cave_entry_pillars_three
Spider:3: layout_spider_delve, uniq_arachne, uniq_agnes
Spider:4: grunt_spider_rune_circles, drop_trap
Orc:1:    layout_caves, basic_altar, serial_shops, shop, roderic_batcave,
          rock_pile
Orc:2:    st_orc_mages, layout_diamond_mine, serial_shops, shop, basic_altar,
          nicolae_orc_lava_room

Skill      XL: |  1  2  3  4  5  6  7  8  9 10 11 12 13 14 15 16 |
---------------+-------------------------------------------------+-----
Unarmed Combat | 1 2 3 4 5 6 8 10 12 14 15 16 17 19 | 19.2
Shields        | 2 3 4 6 7 8 9 |  9.0
Fighting       | 3 5 6 9 10 11 12 13 | 13.8
Throwing       | 5 8 9 10 | 10.0
Armour         | 4 6 8 |  8.3
Dodging        | |  1.0
Spellcasting   | |  1.0
Summonings     | |  1.3
Ice Magic      | |  1.3

Action                   |  1- 3 |  4- 6 |  7- 9 | 10-12 | 13-15 | 16-18 || total
-------------------------+-------+-------+-------+-------+-------+-------++-------
Melee: Unarmed           |    92 |   141 |   317 |   675 |  1349 |   671 ||  3245
       Flail             |       |       |       |    31 |    12 |       ||    43
Throw: Boomerang         |       |       |     4 |       |    15 |    33 ||    52
       Large rock        |       |       |       |       |       |     3 ||     3
Invok: Lunge             |       |       |     4 |    25 |    68 |    31 ||   128
       Whirlwind         |       |       |     1 |    58 |    77 |    84 ||   220
       Serpent's Lash    |       |       |       |       |     1 |     1 ||     2
 Abil: Wall Jump         |       |       |       |       |       |    18 ||    18
Evoke: Wand              |       |       |     6 |     5 |     4 |       ||    15
       Condenser vane    |       |       |       |       |     3 |       ||     3
  Use: Scroll            |     1 |     5 |     6 |    16 |     7 |     2 ||    37
       Potion            |     1 |       |     1 |     1 |     8 |     7 ||    18
 Stab: Petrified         |       |       |       |       |     2 |       ||     2
       Paralysed         |       |       |       |       |     3 |       ||     3
       Held in net/web   |       |       |       |       |       |     4 ||     4
       Invisible         |       |       |       |       |       |     1 ||     1
Armor: Robe              |    39 |    51 |    71 |   239 |   108 |       ||   508
       Acid dragon scale |       |       |       |       |   410 |   229 ||   639
Dodge: Dodged            |    30 |    49 |    96 |   221 |   609 |   263 ||  1268
Block: Kite shield       |    38 |    61 |   158 |   364 |   677 |   291 ||  1589
